 Dungeon Crawl Stone Soup version 0.31-a0-963-ga325b2283a (webtiles) character file.

Game seed: 429340101227148179

64 LeprechaunX the Changeling (level 4, -1/29 HPs)
             Began as an Octopode Shapeshifter on Oct 25, 2023.
             Slain by a gnoll
             ... wielding a +0 flail
              (7 damage)
             ... on level 2 of the Dungeon.
             The game lasted 00:02:23 (1330 turns).

LeprechaunX the Changeling (Octopode Shapeshifter)  Turns: 1330, Time: 00:02:25

Health: -1/29      AC:  1    Str: 15    XL:     4   Next: 12%
Magic:  4/4        EV: 13    Int: 12    God:
Gold:   85         SH:  0    Dex: 11    Spells: 3/3 levels left

rFire   . .          .
                       - Unarmed
rCold   . . .        (no shield)
rNeg    . . .        (helmet currently unavailable)
rPois   .            (no amulet)
rElec   .            (no ring)
rCorr   .            (no ring)
SInv    .            (no ring)
Will    .....        (no ring)
Stlth   ++           (no ring)
HPRegen 0.24/turn    (no ring)
MPRegen 0.09/turn    (no ring)
                     (no ring)

%: no passive effects
@: beast-form
A: beast (slay +2), almost no armour, amphibious, 8 rings, camouflage 1,
gelatinous body 1, (nimble swimmer 1), tentacles
a: Begin Untransformation


You were on level 2 of the Dungeon.
You were a hulking beast.
You visited 1 branch of the dungeon, and saw 2 of its levels.

You collected 85 gold pieces.

Inventory:

Talismans
 b - a beast talisman
 c - a flux talisman
Scrolls
 d - 2 scrolls of enchant weapon {unknown}
 f - a scroll of enchant armour {unknown}
 j - a scroll of teleportation {unknown}
 k - a scroll of silence {unknown}
 l - 2 scrolls of identify {unknown}
Potions
 a - a potion of lignification
 e - 2 potions of enlightenment {unknown}
 g - 2 potions of magic {unknown}
 h - a potion of attraction {unknown}
 i - a potion of curing {unknown}


   Skills:
 + Level 2.0 Fighting
 - Level 2.0 Dodging
 + Level 3.5 Unarmed Combat
 * Level 3.9 Shapeshifting


You had 3 spell levels left.
You didn't know any spells.
Your spell library contained the following spells:

 Spells                   Type           Power      Damage    Failure   Level
 Call Canine Familiar     Summ           0%         N/A       69%         3
 Sigil of Binding         Hex            0%         N/A       69%         3
 Dimensional Bullseye     Hex/Tloc       0%         N/A       97%         4
 Leda's Liquefaction      Hex/Erth       0%         N/A       97%         4


Dungeon Overview and Level Annotations

Branches:
Dungeon (2/15)

Altars:


Innate Abilities, Weirdness & Mutations

You are a hulking beast.
Your limbs bulge with bestial killing power. (Slay +2)
You cannot wear most types of armour.
You are amphibious.
You can wear up to eight rings at the same time.
Your skin changes colour to match your surroundings (Stealth+).
Your rubbery body absorbs attacks. (AC +1, EV +1)
((You are camouflaged when in or above water. (Stealth+)))
You have tentacles for arms and can constrict up to eight enemies at once.


Message History

A ball python is nearby!
A ball python is nearby!
A gnoll comes into view. It is wielding a +0 club.
The gnoll shouts!
The ball python hisses angrily.
A gnoll comes into view. It is wielding a +0 flail.
A quokka comes into view.
You barely miss the ball python.
The gnoll shouts!
Your grab misses the ball python. Your squeeze misses the ball python.
You hear an angry hiss.
The ball python bites you. The ball python grabs you.
The ball python constricts you. The ball python barely misses you.
The ball python constricts you.
You tentacle-slap the ball python.
You kill the ball python!
The gnoll throws a throwing net.
The throwing net hits you.
You become entangled in the net!
You see here a throwing net.
You struggle against the net.
You struggle against the net.
The gnoll hits you with a +0 club.
You rip the net and break free!
The gnoll closely misses you.
You tentacle-slap the gnoll. Your grab misses the gnoll.
The gnoll is heavily wounded.
You barely miss the gnoll. Your grab misses the gnoll.
The gnoll hits you with a +0 club. The gnoll barely misses you.
You tentacle-slap the gnoll. You grab the gnoll.
The gnoll is moderately wounded.
You constrict the gnoll. The gnoll hits you with a +0 club.
The gnoll barely misses you. The quokka barely misses you.
You closely miss the gnoll. Your grab misses the gnoll. You squeeze the gnoll.
The gnoll is heavily wounded.
You constrict the gnoll. The gnoll hits you with a +0 club.
The gnoll misses you. The quokka misses you.
You closely miss the gnoll. Your grab misses the gnoll.
The gnoll is heavily wounded.
You constrict the gnoll. The quokka bites you.
* * * LOW HITPOINT WARNING * * *
A gnoll comes into view. It is wielding a +0 spear.
The gnoll closely misses you. The gnoll hits you with a +0 flail!
You die...

... . .................#.
...
...##.#.#.#.....##..#.
... #.
#...#.#.#.............
#..
#.##...#.#.##............
#..
........................
...
.......................
#..
#.#.###.###.....##..## .
..##.....r.###....###..#
........hg.............#
.
..####.g#g.###....###.###
..
......[....).............
#
..####.†...###...........
#............###.###
#.(.#.###....###.###
#..r#.##............
......##...#..##.###
..... #...#..##.#


You could see 3 gnolls and a quokka.

Vanquished Creatures
  Terence (D:2)
  An adder (D:2)
  5 endoplasms
  A giant cockroach (D:1)
  3 goblins
  A hobgoblin (D:2)
  2 jackals (D:1)
  6 ball pythons
  3 kobolds
  4 rats
27 creatures vanquished.

Notes
Turn   | Place    | Note
-------+----------+-------------------------------------------
     0 | D:1      | LeprechaunX the Octopode Shapeshifter began the quest for
                  | the Orb.
     0 | D:1      | Reached XP level 1. HP: 13/13 MP: 1/1
   456 | D:1      | Reached XP level 2. HP: 18/18 MP: 2/2
   523 | D:1      | Found a faded altar of an unknown god.
   941 | D:2      | Reached XP level 3. HP: 6/23 MP: 3/3
  1036 | D:2      | Noticed Terence
  1045 | D:2      | Killed Terence
  1090 | D:2      | Reached XP level 4. HP: 27/29 MP: 4/4
  1330 | D:2      | Slain by a gnoll

Illustrated notes

Levels and vault maps discovered:
D:1:      grunt_arrival_lava_bath, layout_basic, serial_aquarium,
          aquarium_bridge_square [aquarium_subvault_bridge,
          aquarium_subvault_window, aquarium_subvault_bridge,
          aquarium_subvault_bridge], aquarium_bridge_straight
          [aquarium_subvault_bridge, aquarium_subvault_window,
          aquarium_subvault_bridge, aquarium_subvault_wall], aquarium_window_2,
          aquarium_window_2, aquarium_view_2c, aquarium_balcony_1b,
          aquarium_pool_1, ebering_ecumenical_altar_box
D:2:      layout_basic, uniq_terence

Skill      XL: |  1  2  3 |
---------------+----------+-----
Fighting       | 2 |  2.0
Dodging        | |  2.0
Unarmed Combat | |  3.5
Shapeshifting  | |  3.9

Action                     |  1- 3 |  4- 6 || total
---------------------------+-------+-------++-------
  Melee: Unarmed           |    45 |    15 ||    60
         Tentacles         |     9 |     4 ||    13
         Constrict         |    10 |     3 ||    13
         Punch             |     1 |       ||     1
   Stab: Sleeping          |     4 |     2 ||     6
 Armour: Skin              |    18 |     8 ||    26
  Dodge: Dodged            |    22 |    11 ||    33

Table legend: (Time is in decaauts)
 A = Elapsed time spent in this place.
 B = Non-inter-level travel time spent in this place.
 C = Inter-level travel time spent in this place.
 D = Time resting spent in this place.
 E = Time spent auto-exploring this place.
 F = Levels seen in this place.
 G = Mean time per level.
                   A        B        C        D        E       F      G
               +--------+--------+--------+--------+--------+-----+--------+
         Total |   1326 |   1281 |     45 |     69 |   1021 |   2 |  663.0 |
       Dungeon |   1326 |   1281 |     45 |     69 |   1021 |   2 |  663.0 |
               +--------+--------+--------+--------+--------+-----+--------+

Top non-repeatable levels by time:
     D:1: 826 daAuts
     D:2: 499 daAuts
